Map: Blackpink LE

Players

TIME (Oliveira)

  • Race: Terran Terran
  • Spawn Location: 7:00

Scarlett - Winner!

  • Race: Zerg Zerg
  • Spawn Location: 1:00

Event: IEM Season 12 - PyeongChang

VOD

Have the link to the VOD?

Description

Time

  • Played on: Feb. 5, 2018, 12:40 a.m.
  • Length: 4:07

All games in this series

Show
View Real Time Build Order
Export as new Build Order

TIME Terran 

Build Orders: Gas First Reaper Expand, Reaper Expand 

Get SALT Encoding   

  12  0:00  SCV  
  13  0:12  SCV  
  14  0:17  Supply Depot  
  14  0:24  SCV  
  14  0:28  Refinery  
  15  0:38  SCV  
  16  0:44  Barracks  
  16  0:51  SCV  
  17  1:03  SCV  
  18  1:15  SCV  
  19  1:31  Orbital Command, Reaper  
  20  1:41  Command Center  
  20  1:53  Factory  
  20  1:56  SCV  
  21  2:07  Barracks Reactor  
  21  2:08  SCV  
  22  2:12  Supply Depot  
  22  2:14  Refinery  
  22  2:20  SCV  
  23  2:33  SCV  
  26  2:37  Hellion  
  26  2:43  Marine  
  26  2:48  SCV  
  21  2:58  Hellion  
  21  3:00  SCV  
  21  3:11  Marine  
  19  3:13  SCV  
  19  3:25  Hellion  
  19  3:26  SCV  
  20  3:29  Marine  
  20  3:38  SCV  
  20  3:47  Marine  
  17  3:55  SCV  
Show
View Real Time Build Order
Export as new Build Order

Scarlett Zerg - Winner!

Build Orders: Pool First 

Get SALT Encoding   

  12  0:00  Drone  
  13  0:08  Drone  
  14  0:16  Extractor  
  14  0:17  Drone  
  14  0:32  Spawning Pool  
  14  0:35  Drone  
  14  0:46  Extractor, Drone  
  14  0:48  Overlord  
  15  1:09  Drone  
  16  1:18  Zergling x2  
  16  1:19  Zergling x2  
  16  1:20  Metabolic Boost, Zergling x2  
  19  1:33  Zergling x2  
  20  1:40  Hatchery  
  19  1:49  Queen  
  21  1:56  Overlord  
  21  2:00  Zergling x2  
  22  2:18  Zergling x4  
  24  2:27  Queen, Zergling x2  
  27  2:42  Zergling x2  
  28  2:47  Zergling x2  
  28  2:53  Zergling x2  
  28  2:58  Zergling x2  
  30  3:01  Zergling x6  
  33  3:08  Zergling x2  
  33  3:11  Zergling x2  
  30  3:20  Zergling x2  
  30  3:25  Drone x2  
  32  3:34  Drone  
  32  3:37  Drone  
  32  3:44  Drone x3  
  35  3:52  Drone  
  35  3:54  Drone  
  36  4:04  Hatchery  

Tags
 
Add a new tag
Caveats
  • Supply blocks, unpowered buildings, or Contaminate may cause inaccurate times.
  • Supply counts are checked every 10 seconds.